 Dungeon Crawl Stone Soup version 0.28-a0-697-g47f3eba078 (webtiles) character file.

Game seed: 14589797545515357587

73 KoroneIsBestGirl the Chiller (level 4, 0/30 HPs)
             Began as a Barachi Ice Elementalist on Oct 23, 2021.
             Was a Follower of the Shining One.
             Slain by a gnoll (9 damage)
             ... on level 2 of the Dungeon.
             The game lasted 00:03:45 (2061 turns).

KoroneIsBestGirl the Chiller (BaIE)                 Turns: 2061, Time: 00:03:46

Health: 0/30       AC:  2    Str:  9    XL:     4   Next: 27%
Magic:  1/8        EV: 12    Int: 17    God:    the Shining One [*.....]
Gold:   38         SH:  0    Dex: 12    Spells: 1/9 levels left

rFire   . . .      SeeInvis .   b - +0 quarterstaff
rCold   . . .      Faith    .   (shield currently unavailable)
rNeg    . . .      Spirit   .   a - +0 robe
rPois   .          Reflect  .   (no helmet)
rElec   .          Harm     .   (no cloak)
rCorr   .          Rampage  .   (no gloves)
Will    .....                   (no boots)
Stlth   +.........              (no amulet)
HPRegen 0.10/turn               (no ring)
MPRegen 0.11/turn               (no ring)

@: unable to hop, very slightly contaminated, glowing, slow
A: amphibious, slowness 1, strong legs 1, +LOS
a: Hop, Renounce Religion


You were on level 2 of the Dungeon.
You worshipped the Shining One.
The Shining One was aware of your devotion.
You visited 1 branch of the dungeon, and saw 3 of its levels.

You collected 38 gold pieces.

Inventory:

Hand Weapons
 b - a +0 quarterstaff (weapon)
Armour
 a - a +0 robe (worn)
Scrolls
 d - a scroll of identify
 e - a scroll of teleportation
Potions
 c - a potion of resistance {unknown}


   Skills:
 + Level 3.1 Dodging
 - Level 2.3 Stealth
 + Level 3.0 Spellcasting
 * Level 5.4 Ice Magic


You had one spell level left.
You knew the following spells:

 Your Spells              Type           Power      Damage    Failure   Level
a - Freeze                Ice            80%        1d9       1%          1
b - Frozen Ramparts       Ice            40%        1d6       6%          3
c - Hailstorm             Conj/Ice       11%        3d5       50%         4

Your spell library contained the following spells:

 Spells                   Type           Power      Damage    Failure   Level
 Ozocubu's Armour         Ice            20%        N/A       6%          3
 Static Discharge         Conj/Air       2%         N/A       26%         2
 Portal Projectile        Hex/Tloc       4%         N/A       45%         3
 Dispel Undead            Necr           2%         3d7       86%         4
 Sticky Flame             Conj/Fire      2%         2d3       86%         4
 Blade Hands              Tmut           1%         N/A       99%         5
 Excruciating Wounds      Necr           1%         N/A       99%         5


Dungeon Overview and Level Annotations

Branches:
Dungeon (3/15)

Altars:
The Shining One


Innate Abilities, Weirdness & Mutations

You are amphibious.
You cover ground slowly.
You can hop short distances.
You have an extended range of vision and can be seen from far away.


Message History

You add the spells Portal Projectile, Excruciating Wounds and Blade Hands to your library.
This spell is potentially lethal to cast!
Memorise Hailstorm, consuming 4 spell levels and leaving 1?
You start memorising the spell.
You continue memorising. x4
You finish memorising.
Spell assigned to 'c'.
Unknown command.
A gnoll comes into view. It is wielding a +0 flail.
A gnoll is nearby!
A gnoll is nearby!
The gnoll shouts!
You hear a shout!
The gnoll closely misses you.
You freeze the gnoll.
The gnoll is lightly wounded.
The gnoll closely misses you.
You freeze the gnoll.
The gnoll is heavily wounded.
A kobold comes into view. It is wielding a +0 whip.
The gnoll hits you with a +0 flail!
* * * LOW HITPOINT WARNING * * *
You are too injured to fight recklessly!
Hop to where?
Press: ? - help, Dir - move target, p - gnoll Boing!
Things that are here:
14 stones; a +0 club; a +0 hunting sling The kobold throws a stone.
The stone hits you but does no damage.
You see here a hobgoblin corpse.
Casting: Freeze (safe; 1% risk of failure)
Confirm with . or Enter, or press ? or * to list all spells.
Casting: Frozen Ramparts (dangerous; 6% risk of failure)
Press: ? - help, Dir - look around, f - activate This square is lit by a halo.
You miscast Frozen Ramparts.
You are very lightly contaminated with residual magic.
Nothing appears to happen.
The gnoll misses you.
There is a stone staircase leading down here.
Things that are here:
a +0 spear; a gnoll corpse The gnoll hits you with a +0 flail!
You die...

##.#.###g..# #†#
#.###......# #.#
##.#.###...# #.#
##.## ##### #.#
#.# #.# #)# #>#
#.# #K#
#.###########g##
#...........@..#
#############..#
#..# #..# #..#
#..# .... #..#
..#


You could see a gnoll and a kobold.

Vanquished Creatures
  Robin (D:2)
  2 gnolls (D:2)
  2 bats (D:1)
  2 endoplasms (D:1)
  A giant cockroach (D:1)
  10 goblins
  8 hobgoblins
  2 ball pythons
  3 frilled lizards (D:1)
  7 kobolds
  2 rats
40 creatures vanquished.

Vanquished Creatures (others)
  3 plants (D:3)
3 creatures vanquished.

Grand Total: 43 creatures vanquished

Notes
Turn   | Place    | Note
-------+----------+-------------------------------------------
     0 | D:1      | KoroneIsBestGirl the Barachi Ice Elementalist began the
                  | quest for the Orb.
     0 | D:1      | Reached XP level 1. HP: 13/13 MP: 3/3
   243 | D:1      | Reached XP level 2. HP: 14/19 MP: 0/5
  1107 | D:1      | Reached XP level 3. HP: 24/24 MP: 7/7
  1267 | D:1      | Found a faded altar of an unknown god.
  1279 | D:1      | Prayed at the altar of an unknown god.
  1279 | D:1      | Became a worshipper of the Shining One
  1279 | D:1      | Reached * piety under the Shining One
  1403 | D:2      | Noticed Robin
  1600 | D:2      | Learned a level 3 spell: Frozen Ramparts
  1633 | D:2      | Reached skill level 5 in Ice Magic
  1941 | D:2      | Reached XP level 4. HP: 28/30 MP: 2/8
  2019 | D:2      | Killed Robin
  2033 | D:2      | Learned a level 4 spell: Hailstorm
  2061 | D:2      | Slain by a gnoll

Illustrated notes

Levels and vault maps discovered:
D:1:      nzn_arrival_settlement, layout_loops_ring,
          shapermc_ecumenical_altar_pompeii, minmay_strange_pillars,
          kennysheep_small_spiral
D:2:      layout_loops_ring, uniq_robin
D:3:      layout_basic, marbit_many_paths, gammafunk_temple_overflow_arena,
          serial_bayou, serial_bayou_pond_b, serial_bayou_crossing,
          serial_bayou_shore_b, serial_bayou_pond_e, serial_bayou_pond_a,
          serial_bayou_shore_b, uniq_terence

Skill      XL: |  1  2  3 |
---------------+----------+-----
Stealth        | 2 |  2.3
Ice Magic      | 5 |  5.4
Dodging        | 3 |  3.1
Spellcasting   | 3 |  3.0

Action                   |  1- 3 |  4- 6 || total
-------------------------+-------+-------++-------
Melee: Quarterstaff      |    10 |     1 ||    11
 Cast: Freeze            |    47 |     7 ||    54
       Frozen Ramparts   |     1 |     1 ||     2
 Abil: Hop               |     1 |     1 ||     2
  Use: Scroll            |     2 |       ||     2
Armor: Robe              |     4 |     1 ||     5
Dodge: Dodged            |    32 |     6 ||    38

Table legend: (Time is in decaauts)
 A = Elapsed time spent in this place.
 B = Non-inter-level travel time spent in this place.
 C = Inter-level travel time spent in this place.
 D = Time resting spent in this place.
 E = Time spent auto-exploring this place.
 F = Levels seen in this place.
 G = Mean time per level.
                   A        B        C        D        E       F      G
               +--------+--------+--------+--------+--------+-----+--------+
         Total |   2251 |   2123 |    128 |    370 |   1431 |   3 |  750.3 |
       Dungeon |   2251 |   2123 |    128 |    370 |   1431 |   3 |  750.3 |
               +--------+--------+--------+--------+--------+-----+--------+

Top non-repeatable levels by time:
     D:1: 1567 daAuts
     D:2: 455 daAuts
     D:3: 228 daAuts
